 Dungeon Crawl Stone Soup version 0.18-a0-776-g7a8d288 (webtiles) character file.

46 GeneralIdiocy the Conjurer (level 3, 0/19 HPs)
             Began as a Tengu Conjurer on Dec 14, 2015.
             Shot with a sling bullet by a goblin (8 damage)
             ... led by Robin
             ... on level 2 of the Dungeon.
             The game lasted 00:03:00 (1399 turns).

GeneralIdiocy the Conjurer (Tengu Conjurer)         Turns: 1399, Time: 00:03:00

Health: 0/19       AC:  5    Str:  8    XL:     3   Next: 68%
Magic:  3/7        EV:  5    Int: 16    God:
Gold:   33         SH:  0    Dex: 14    Spells: 2 memorised, 3 levels left

rFire  . . .     SeeInvis .     (no weapon)
rCold  . . .     Clarity  .     g - +0 ring mail (curse)
rNeg   . . .     SustAt   .     (no shield)
rPois  .         Gourm    .     (helmet restricted)
rElec  .         Spirit   .     (no cloak)
rCorr  .         Dismiss  .     (no gloves)
rMut   .         Stasis   .     (boots unavailable)
MR     .....                    (no amulet)
Stlth  +.........               (no ring)
                                (no ring)

@: not resistant to hostile enchantments, very unstealthy
A: beak, talons 3
a: no special abilities


You were on level 2 of the Dungeon.
You were hungry.

You visited 1 branch of the dungeon, and saw 2 of its levels.

You collected 33 gold pieces.

Inventory:

Armour
 a - a +0 robe
 g - a cursed +0 ring mail (worn)
Scrolls
 h - a scroll of remove curse {unknown}
 i - 2 scrolls of blinking {unknown}
 j - 2 scrolls of enchant weapon {unknown}
 m - a scroll of identify {unknown}
 n - a scroll of teleportation {unknown}
Potions
 e - 2 potions of magic {unknown}
 f - 2 potions of heal wounds {unknown}
 k - a potion of degeneration {unknown}
 o - a potion of mutation {unknown}
 q - a potion of haste {unknown}
Books
 b - a book of Conjurations

   Spells                             Type                      Level
   a - Magic Dart                     Conjuration                  1
   b - Searing Ray                    Conjuration                  2
   c - Dazzling Spray                 Conjuration/Hexes            3
   d - Fulminant Prism                Conjuration/Hexes            4
   e - Iskenderun's Mystic Blast      Conjuration                  4
   f - Iskenderun's Battlesphere      Conjuration/Charms           5
Comestibles
 c - 3 bread rations
 d - a beef jerky
 l - 2 meat rations


   Skills:
 * Level 2.0 Armour
 + Level 2.5 Dodging
 - Level 2.0 Stealth
 - Level 2.0 Spellcasting
 * Level 6.1 Conjurations


You had 3 spell levels left.
You knew the following spells:

 Your Spells              Type           Power        Failure   Level  Hunger
a - Magic Dart            Conj           ###.         6%          1    #......
b - Searing Ray           Conj           ###...       10%         2    ###....


Dungeon Overview and Level Annotations

Branches:
Dungeon (2/15)

Altars:

Annotations:
D:2 Robin


Innate Abilities, Weirdness & Mutations

You have a beak for a mouth.
You have claws for feet.


Message History

There is a stone staircase leading up here.
Casting: Magic Dart
Confirm with . or Enter, or press ? or * to list all spells.
Aiming: Searing Ray
Press: ? - help, Shift-Dir - straight line, f - goblin
Aim: a goblin, wielding a dagger The searing ray misses the goblin.
The searing ray hits the goblin.
You kill the goblin!
You are feeling hungry.
The goblin barely misses you.
The searing ray misses the goblin.
The searing ray hits the goblin.
You kill the goblin!
The goblin hits you with a dagger.
The searing ray hits the goblin.
You kill the goblin!
The goblin unwields an uncursed club.
The goblin wields a hunting sling.
The goblin shoots a sling bullet.
The sling bullet hits you but does no damage.
The goblin shoots a sling bullet.
The sling bullet hits you!
You die...

.#.#######........#####.#).....#
...# #.........# #.+......# ####
#........(# #.#......#
#.........# #...######
#.........## #.#.#
#.#######g.###.#.# #.#
#)g........# #. #)##g.##.###
#@###.##.# ### #.g#.# ##g#.#
#†#.# #g#.# #...# ##..# #..#
#..#


You could see Robin and a goblin.

Vanquished Creatures
  An adder (D:2)
  A worm (D:2)
  2 giant geckos (D:1)
  11 goblins
  5 hobgoblins
  A quokka (D:2)
  3 bats
  2 giant newts
  3 kobolds
  3 rats
32 creatures vanquished.

Notes
Turn   | Place    | Note
--------------------------------------------------------------
     0 | D:1      | GeneralIdiocy the Tengu Conjurer began the quest for the Orb.
     0 | D:1      | Reached XP level 1. HP: 10/10 MP: 4/4
   301 | D:1      | Reached XP level 2. HP: 15/15 MP: 4/6
   312 | D:1      | Learned a level 2 spell: Searing Ray
   312 | D:1      | Reached skill level 1 in Armour
   821 | D:2      | Reached XP level 3. HP: 19/19 MP: 3/7
  1166 | D:2      | Noticed Robin
  1176 | D:2      | Reached skill level 6 in Conjurations
  1399 | D:2      | Shot with a sling bullet by a goblin

Vault maps used:
D:1:      eino_arrival_druids_welcome
D:2:      serial_bayou_crossing, uniq_robin

Action                   || total
-------------------------++-------
Melee: Unarmed           ||     6
 Cast: Magic Dart        ||    30
       Searing Ray       ||     9
  Eat: Chunk             ||     2
